 Dungeon Crawl Stone Soup version 0.31-a0-672-g7da72447bb (webtiles) character file.

Game seed: 18026584211988747093

450 SmokeWeed the Conjurer (level 6, -7/32 HPs)
             Began as a Deep Elf Conjurer on Sept 5, 2023.
             Mangled by a water moccasin (8 damage)
             ... on level 5 of the Dungeon.
             The game lasted 00:22:29 (4202 turns).

SmokeWeed the Conjurer (Deep Elf Conjurer)          Turns: 4202, Time: 00:22:30

Health: -7/32      AC:  3    Str:  6    XL:     6   Next: 74%
Magic:  6/15       EV: 14    Int: 23    God:
Gold:   165        SH:  0    Dex: 21    Spells: 6/15 levels left

rFire   x . .        g - +0 dagger
rCold   + . .        (no shield)
rNeg    . . .        a - +0 robe
rPois   .            (no helmet)
rElec   .            (no cloak)
rCorr   .            c - +0 pair of gloves
SInv    .            (no boots)
Will    .....        d - amulet of the acrobat
Stlth   +++          s - +6 ring of dexterity
HPRegen 0.25/turn    r - ring "Geptytull" {Ice Str+2}
MPRegen 0.14/turn

%: acrobat
@: lethally poisoned (-7 -> -20)
A: no striking features
a: no special abilities


You were on level 5 of the Dungeon.
You visited 1 branch of the dungeon, and saw 5 of its levels.

You collected 165 gold pieces.

Inventory:

Hand Weapons
 g - a +0 dagger (weapon)
Missiles
 q - 4 boomerangs
 y - 3 poisoned darts
Armour
 a - a +0 robe (worn)
 c - a +0 pair of gloves (worn)
 k - a +0 buckler
Jewellery
 d - an amulet of the acrobat (around neck)
 n - a +4 ring of slaying
 r - the ring "Geptytull" (right hand) {Ice Str+2}
   (You found it on level 2 of the Dungeon)

   [ring of ice]

   Ice:       It enhances your ice magic.
   Str+2:     It affects your strength (+2).
   rF-:       It makes you vulnerable to fire.
   rC+:       It protects you from cold.
 s - a +6 ring of dexterity (left hand)
 u - a ring of ice
Talismans
 h - a flux talisman
 v - a flux talisman
Wands
 p - a wand of mindburst (18)
Scrolls
 f - 6 scrolls of identify
Potions
 b - a potion of magic
 i - a potion of curing {unknown}
 j - a potion of degeneration
 m - a potion of mutation
 o - a potion of cancellation
 x - a potion of attraction


   Skills:
 + Level 0.1 Fighting
 * Level 3.6 Dodging
 + Level 4.0 Stealth
 + Level 5.2 Spellcasting
 + Level 6.3 Conjurations
 * Level 2.1 Hexes
 * Level 1.0 Air Magic
 * Level 1.8 Evocations


You had 6 spell levels left.
You knew the following spells:

 Your Spells              Type           Power      Damage    Failure   Level
a - Magic Dart            Conj           100%       1d8       1%          1
b - Searing Ray           Conj           70%        2d7       1%          2
c - Dazzling Flash        Conj/Hex       50%        N/A       4%          3
d - Swiftness             Air            10%        N/A       19%         3

Your spell library contained the following spells:

 Spells                   Type           Power      Damage    Failure   Level
 Shock                    Conj/Air       88%        1d8       1%          1
 Fulminant Prism          Conj/Hex       12%        3d9       16%         4
 Iskenderun's Mystic Bla  Conj/Tloc      20%        2d6       26%         4
 Gell's Gravitas          Tloc           6%         N/A       28%         3
 Teleport Other           Tloc           6%         N/A       28%         3
 Airstrike                Air            5%         2d(1-17)  52%         4
 Dispersal                Tloc           3%         N/A       100%        6


Dungeon Overview and Level Annotations

Branches:
Dungeon (5/15)
 Temple: D:4-7

Altars:
Elyvilon
Gozag
Vehumet

Annotations:
D:4 Duvessa
D:5 5 runed translucent doors, gurdl9716's ghost, novice GrEE


Message History

The water moccasin closely misses you. The water moccasin bites you!
You are poisoned.
The water moccasin poisons you!
You feel very sick.
Casting: Magic Dart (safe; 1% risk of failure)
Confirm with . or Enter, or press ? or * to list all spells.
Aiming: Searing Ray (safe; 1% risk of failure)
Press: ? - help, Shift-Dir - straight line, f/p - water moccasin
Aim: a water moccasin (heavily wounded, 68% to hit)
The searing ray misses the water moccasin. (Press . to maintain the ray.)
You feel very sick. The water moccasin bites you. x2
* * * LOW HITPOINT WARNING * * *
You are more poisoned.
The water moccasin poisons you!
The searing ray misses the water moccasin.
* * * LOW HITPOINT WARNING * * *
You feel very sick.
The water moccasin completely misses you.
The searing ray hits the water moccasin.
The water moccasin is severely wounded.
* * * LOW HITPOINT WARNING * * *
You feel very sick.
The water moccasin completely misses you.
You feel much better.
You feel very sick. The water moccasin bites you. x2
* * * LOW HITPOINT WARNING * * *
You are more poisoned.
The water moccasin poisons you!
Okay, then.
* * * LOW HITPOINT WARNING * * *
You feel very sick.
You hit the water moccasin.
The water moccasin is almost dead.
* * * LOW HITPOINT WARNING * * *
You feel very sick. The water moccasin bites you!
You die...

#..# #.......? #..#
#.#.######.#.#
##++####...# #.#.#
8#..#8...### #.#.#
.))..))..# #.#(#
8####8...########.#.#
...............##.#.#
####...........##.#.#
##..........#@S.>#
#.........>#...##
#............#.#
#.........)#.......#
#..........#.#.##...
#..........#.#.# .#
#..........#.#.# #
#.............#.#
#............##.#


You could see a water moccasin.

Vanquished Creatures
  A black bear (D:5)
  A jelly (D:5)
  2 hounds (D:5)
  2 iguanas
  2 orc wizards
  8 adders
  4 worms
  A dart slug (D:5)
  9 orcs
  6 ball pythons
  7 endoplasms
  4 giant cockroaches
  5 goblins
  6 hobgoblins
  2 quokkas
  3 bats
  3 frilled lizards
  8 kobolds
  2 rats
76 creatures vanquished.

Vanquished Creatures (others)
  A bat (D:3)
  A ball python (D:3)
2 creatures vanquished.

Grand Total: 78 creatures vanquished

Notes
Turn   | Place    | Note
-------+----------+-------------------------------------------
     0 | D:1      | SmokeWeed the Deep Elf Conjurer began the quest for the
                  | Orb.
     0 | D:1      | Reached XP level 1. HP: 10/10 MP: 6/6
   216 | D:1      | Reached XP level 2. HP: 15/15 MP: 5/8
   394 | D:1      | Learned a level 2 spell: Searing Ray
   601 | D:1      | Reached skill level 5 in Conjurations
   765 | D:2      | Reached XP level 3. HP: 19/19 MP: 7/9
  1132 | D:2      | Identified the ring "Geptytull" {Ice Str+2}
  1585 | D:3      | Found a radiant altar of Vehumet.
  1861 | D:3      | Found a white marble altar of Elyvilon.
  2324 | D:3      | Reached XP level 4. HP: 24/24 MP: 7/11
  2435 | D:4      | Noticed Duvessa
  2443 | D:3      | Learned a level 3 spell: Dazzling Flash
  2984 | D:4      | Learned a level 3 spell: Swiftness
  3042 | D:4      | Reached skill level 1 in Hexes
  3193 | D:4      | Reached XP level 5. HP: 28/28 MP: 8/12
  3561 | D:5      | Entered Level 5 of the Dungeon
  3561 | D:5      | Found a runed translucent gate.
  3561 | D:5      | Found a runed translucent gate.
  3567 | D:5      | Found a runed translucent gate.
  3568 | D:5      | Found an opulent altar of Gozag.
  3576 | D:5      | Noticed an ice beast
  3576 | D:5      | Noticed gurdl9716's ghost (novice GrEE)
  3578 | D:5      | Noticed a troll
  3799 | D:5      | Reached skill level 1 in Evocations
  3812 | D:5      | Reached skill level 6 in Conjurations
  3950 | D:5      | Noticed a black bear
  3954 | D:5      | Killed a black bear
  3955 | D:5      | Reached XP level 6. HP: 32/32 MP: 13/15
  3989 | D:5      | Reached skill level 5 in Spellcasting
  4033 | D:5      | Found a large runed translucent door.
  4034 | D:5      | Found a large runed translucent door.
  4136 | D:5      | Reached skill level 1 in Air Magic
  4189 | D:5      | Noticed a water moccasin
  4199 | D:5      | HP: 1/32 [poisoned by a water moccasin]
  4202 | D:5      | Mangled by a water moccasin

Illustrated notes

Levels and vault maps discovered:
D:1:      giann_bridges, layout_rooms, kennysheep_pointless_box
D:2:      layout_loops_ring
D:3:      layout_basic, elyvilon_altar_4,
          mainiacjoe_overflow_concentric_impassable, hex_medium
D:4:      layout_cave_pods, uniq_duvessa
D:5:      layout_loops_ring, jmf_multi_god_temple2, ebering_ghost_gozag

Skill      XL: |  1  2  3  4  5  6 |
---------------+-------------------+-----
Conjurations   | 5 6 |  6.3
Stealth        | 3 4 |  4.0
Dodging        | 3 |  3.6
Hexes          | 1 2 |  2.1
Spellcasting   | 4 5 |  5.2
Evocations     | 1 |  1.8
Air Magic      | 1 |  1.0
Fighting       | |  0.1

Action                     |  1- 3 |  4- 6 || total
---------------------------+-------+-------++-------
  Melee: Dagger            |     5 |     2 ||     7
   Cast: Magic Dart        |    88 |    76 ||   164
         Searing Ray       |     2 |    14 ||    16
  Evoke: Wand              |       |     2 ||     2
    Use: Potion            |       |     3 ||     3
         Scroll            |       |    10 ||    10
   Stab: Sleeping          |       |     1 ||     1
 Armour: Robe              |     8 |    21 ||    29
  Dodge: Dodged            |    28 |    35 ||    63

Table legend: (Time is in decaauts)
 A = Elapsed time spent in this place.
 B = Non-inter-level travel time spent in this place.
 C = Inter-level travel time spent in this place.
 D = Time resting spent in this place.
 E = Time spent auto-exploring this place.
 F = Levels seen in this place.
 G = Mean time per level.
                   A        B        C        D        E       F      G
               +--------+--------+--------+--------+--------+-----+--------+
         Total |   4204 |   4131 |     73 |    221 |   2764 |   5 |  840.8 |
       Dungeon |   4204 |   4131 |     73 |    221 |   2764 |   5 |  840.8 |
               +--------+--------+--------+--------+--------+-----+--------+

Top non-repeatable levels by time:
     D:4: 1189 daAuts
     D:3: 1046 daAuts
     D:1: 739 daAuts
     D:2: 682 daAuts
     D:5: 547 daAuts
